MWL (24 & UNDER)
LITTLE ROCK LEMMIWINKS @ BARRY'S BAY ORIOLES
06/30/2030
 
TOP OF THE 1ST
Little Rock Lemmiwinks batting - Pitching for Barry's Bay Orioles : RHP David Miller
Pitching: RHP David Miller
Batting: RHB Álex Martínez 0-0: Ball
1-0: Ball
2-0: Ball
3-0: Called Strike
3-1: Base on Balls
Batting: LHB Ryan Martin 0-0: Called Strike
0-1: Foul Ball, location: 2F
0-2: Ball
Wild Pitch!
Álex Martínez to second
1-2: Strikes out swinging
Batting: RHB Germán Vargas 0-0: Called Strike
Álex Martínez steals 3rd base
0-1: Ball
1-1: Foul Ball, location: 2F
1-2: Strikes out looking
Batting: RHB Kokaji Ridha 0-0: Fly out, F6 (Popup, 6M)
Top of the 1st over - 0 runs, 0 hits, 0 errors, 1 left on base; Little Rock 0 - Barry's Bay 0
BOTTOM OF THE 1ST
Barry's Bay Orioles batting - Pitching for Little Rock Lemmiwinks : RHP Ricardo Alonso
Pitching: RHP Ricardo Alonso
Batting: LHB Jerry Koch 0-0: Ball
1-0: Ball
2-0: Foul Ball, location: 2F
2-1: Ball
3-1: Base on Balls
Batting: RHB Sam Lynch 0-0: Called Strike
0-1: Ball
1-1: Foul Ball, location: 2F
1-2: Ball
2-2: SINGLE (Line Drive, 78S)
Jerry Koch to second
Throwing error, E7
Jerry Koch scores
Sam Lynch to second
Batting: RHB José Juárez 0-0: Foul Ball, location: 2F
0-1: Ball
Wild Pitch!
Sam Lynch to third
1-1: Swinging Strike
1-2: Strikes out swinging
Batting: LHB Chris López 0-0: Called Strike
0-1: Ball
1-1: Ball
Wild Pitch!
Sam Lynch scores
2-1: Swinging Strike
2-2: Foul Ball, location: 2F
2-2: Strikes out looking
Batting: RHB Marcos Pérez 0-0: Swinging Strike
0-1: Ball
1-1: Ball
2-1: Ball
3-1: Fly out, F7 (Flyball, 7)
Bottom of the 1st over - 2 runs, 1 hit, 1 error, 0 left on base; Little Rock 0 - Barry's Bay 2
TOP OF THE 2ND
Little Rock Lemmiwinks batting - Pitching for Barry's Bay Orioles : RHP David Miller
Batting: LHB Manny Robles 0-0: Called Strike
0-1: Called Strike
0-2: Ball
1-2: Ball
2-2: Ground out 3-1 (Groundball, 3S)
Batting: RHB Júlio Colón 0-0: Ball
1-0: Ball
2-0: Ball
3-0: Called Strike
3-1: DOUBLE (Groundball, 5L)
Batting: RHB Roberto Valdéz 0-0: Swinging Strike
0-1: Ground out 5-3 (Groundball, 56S)
Júlio Colón to third
Batting: RHB José Rodríguez 0-0: Called Strike
0-1: Ball
1-1: Swinging Strike
1-2: Ball
2-2: Ball
3-2: Base on Balls
Batting: LHB Cisco Salazar 0-0: Called Strike
0-1: Ball
1-1: Ball
2-1: Ball
3-1: Swinging Strike
3-2: Strikes out swinging
Top of the 2nd over - 0 runs, 1 hit, 0 errors, 2 left on base; Little Rock 0 - Barry's Bay 2
BOTTOM OF THE 2ND
Barry's Bay Orioles batting - Pitching for Little Rock Lemmiwinks : RHP Ricardo Alonso
Batting: SHB Dan Morse 0-0: Fly out, F8 (Flyball, 8RD)
Batting: RHB Hughie Dayment 0-0: Swinging Strike
0-1: Ground out 5-3 (Groundball, 56)
Batting: RHB Ralph Summers 0-0: Called Strike
0-1: Called Strike
0-2: Ball
1-2: Strikes out looking
Bottom of the 2nd over - 0 runs, 0 hits, 0 errors, 0 left on base; Little Rock 0 - Barry's Bay 2
TOP OF THE 3RD
Little Rock Lemmiwinks batting - Pitching for Barry's Bay Orioles : RHP David Miller
Batting: RHB Álex Martínez 0-0: SINGLE (Groundball, 6MD)
Batting: LHB Ryan Martin 0-0: Ball
1-0: Foul Ball, location: 2F
1-1: Ball
Álex Martínez is caught stealing 2nd base
2-1: Swinging Strike
2-2: Strikes out looking
Batting: RHB Germán Vargas 0-0: Called Strike
0-1: Ball
1-1: Ball
2-1: Called Strike
2-2: Foul Ball, location: 2F
2-2: Ball
3-2: Base on Balls
Batting: RHB Kokaji Ridha 0-0: Ball
1-0: Swinging Strike
1-1: Fly out, F8 (Flyball, 8LS)
Top of the 3rd over - 0 runs, 1 hit, 0 errors, 1 left on base; Little Rock 0 - Barry's Bay 2
BOTTOM OF THE 3RD
Barry's Bay Orioles batting - Pitching for Little Rock Lemmiwinks : RHP Ricardo Alonso
Batting: RHB Edgardo Hernández 0-0: Ball
1-0: Ground out 4-3 (Groundball, 34)
Batting: LHB Jerry Koch 0-0: Called Strike
0-1: Ball
1-1: Fly out, F9 (Line Drive, 9D)
Batting: RHB Sam Lynch 0-0: SINGLE (Line Drive, 4MD)
Batting: RHB José Juárez 0-0: Ball
1-0: Called Strike
1-1: Ball
2-1: Ball
3-1: Foul Ball, location: 2F
3-2: SINGLE (Line Drive, 4M)
Sam Lynch to second
Sam Lynch to third
Batting: LHB Chris López 0-0: Foul Ball, location: 2F
0-1: Swinging Strike
0-2: Ball
1-2: Foul Ball, location: 2F
1-2: Foul Ball, location: 2F
1-2: Ball
2-2: Ball
3-2: Base on Balls
José Juárez to second
Batting: RHB Marcos Pérez 0-0: Ball
1-0: DOUBLE (Line Drive, 7LM)
Sam Lynch scores
José Juárez scores
Chris López to third
Batting: SHB Dan Morse 0-0: Called Strike
0-1: Ball
1-1: Ball
2-1: Fly out, F3 (Line Drive, 34)
Bottom of the 3rd over - 2 runs, 3 hits, 0 errors, 2 left on base; Little Rock 0 - Barry's Bay 4
TOP OF THE 4TH
Little Rock Lemmiwinks batting - Pitching for Barry's Bay Orioles : RHP David Miller
Batting: LHB Manny Robles 0-0: Ball
1-0: Ball
2-0: Foul Ball, location: 2F
2-1: Fly out, F8 (Flyball, 8LM)
Batting: RHB Júlio Colón 0-0: Ball
1-0: Called Strike
1-1: Ball
2-1: Called Strike
2-2: Ball
3-2: Base on Balls
Batting: RHB Roberto Valdéz 0-0: Ball
1-0: Grounds into double play, 5-4-3 (Groundball, 56)
Top of the 4th over - 0 runs, 0 hits, 0 errors, 0 left on base; Little Rock 0 - Barry's Bay 4
BOTTOM OF THE 4TH
Barry's Bay Orioles batting - Pitching for Little Rock Lemmiwinks : RHP Ricardo Alonso
Batting: RHB Hughie Dayment 0-0: Ball
1-0: Foul Ball, location: 2F
1-1: Ball
2-1: Foul Ball, location: 2F
2-2: Ground out 3-1 (Groundball, 34S)
Batting: RHB Ralph Summers 0-0: Ball
1-0: Swinging Strike
1-1: Ball
2-1: Ball
3-1: Base on Balls
Batting: RHB Edgardo Hernández 0-0: Ground out 5-3 (Groundball, 56S)
Ralph Summers to second
Batting: LHB Jerry Koch 0-0: Ball
1-0: Called Strike
1-1: Ball
2-1: Foul Ball, location: 2F
2-2: Ball
3-2: Base on Balls
Batting: RHB Sam Lynch 0-0: Ball
1-0: Ball
2-0: Called Strike
2-1: Foul Ball, location: 2F
2-2: Ball
3-2: Base on Balls
Ralph Summers to third
Jerry Koch to second
Batting: RHB José Juárez 0-0: Called Strike
0-1: SINGLE (Line Drive, 6MD)
Ralph Summers scores
Jerry Koch to third
Sam Lynch to second
Throwing error, E8
Jerry Koch scores
Sam Lynch to third
José Juárez to second
Batting: LHB Chris López 0-0: Ball
1-0: Foul Ball, location: 2F
1-1: Ball
2-1: Ball
3-1: Foul Ball, location: 2F
3-2: Strikes out swinging
Bottom of the 4th over - 2 runs, 1 hit, 1 error, 2 left on base; Little Rock 0 - Barry's Bay 6
TOP OF THE 5TH
Little Rock Lemmiwinks batting - Pitching for Barry's Bay Orioles : RHP David Miller
Batting: RHB José Rodríguez 0-0: Foul Ball, location: 2F
0-1: Foul Ball, location: 2F
0-2: Ball
1-2: Strikes out swinging
Batting: LHB Cisco Salazar 0-0: Foul Ball, location: 2F
0-1: Fly out, F9 (Line Drive, 9D)
Batting: RHB Álex Martínez 0-0: Ball
1-0: Called Strike
1-1: Swinging Strike
1-2: SINGLE (Line Drive, 34)
Batting: LHB Ryan Martin 0-0: Ball
Álex Martínez is caught stealing 2nd base
Top of the 5th over - 0 runs, 1 hit, 0 errors, 0 left on base; Little Rock 0 - Barry's Bay 6
BOTTOM OF THE 5TH
Barry's Bay Orioles batting - Pitching for Little Rock Lemmiwinks : RHP Ricardo Alonso
Batting: RHB Marcos Pérez 0-0: Called Strike
0-1: Ball
1-1: Ground out 4-3 (Groundball, 4S)
Batting: SHB Dan Morse 0-0: Ball
1-0: Ball
2-0: SINGLE (Flyball, 7S)
Batting: RHB Hughie Dayment 0-0: Ball
1-0: Called Strike
Dan Morse steals 2nd base
1-1: Ball
2-1: Foul Ball, location: 2F
2-2: Ground out 4-3 (Groundball, 4)
Dan Morse to third
Batting: RHB Ralph Summers 0-0: Called Strike
0-1: Foul Ball, location: 2F
0-2: Ball
1-2: SINGLE (Groundball, 5D)
Dan Morse scores
Batting: RHB Edgardo Hernández 0-0: Ball
1-0: Called Strike
1-1: Swinging Strike
1-2: Strikes out swinging
Bottom of the 5th over - 1 run, 2 hits, 0 errors, 1 left on base; Little Rock 0 - Barry's Bay 7
TOP OF THE 6TH
Little Rock Lemmiwinks batting - Pitching for Barry's Bay Orioles : RHP David Miller
Batting: LHB Ryan Martin 0-0: Ground out 4-3 (Groundball, 34)
Batting: RHB Germán Vargas 0-0: Called Strike
0-1: Called Strike
0-2: Ball
1-2: Foul Ball, location: 2F
1-2: Strikes out looking
Batting: RHB Kokaji Ridha 0-0: Ball
1-0: Called Strike
1-1: TRIPLE (Line Drive, 7D)
Batting: LHB Manny Robles 0-0: Reached on error, E5 (Groundball, 25)
Kokaji Ridha scores
Batting: RHB Júlio Colón 0-0: Foul Ball, location: 2F
0-1: Ball
1-1: Swinging Strike
1-2: Ball
2-2: Ball
3-2: Strikes out swinging
Top of the 6th over - 1 run, 1 hit, 1 error, 1 left on base; Little Rock 1 - Barry's Bay 7
BOTTOM OF THE 6TH
Barry's Bay Orioles batting - Pitching for Little Rock Lemmiwinks : RHP Ricardo Alonso
Pitching: RHP António Gamboa
Batting: LHB Jerry Koch 0-0: Ball
1-0: Called Strike
1-1: Foul Ball, location: 2F
1-2: Strikes out swinging
Batting: RHB Sam Lynch 0-0: Ball
1-0: Foul Ball, location: 2F
1-1: Ball
2-1: Called Strike
2-2: Ball
3-2: Ground out 6-3 (Groundball, 6)
Batting: RHB José Juárez 0-0: Foul Ball, location: 2F
0-1: Ball
1-1: Foul Ball, location: 2F
1-2: Ball
2-2: Strikes out looking
Bottom of the 6th over - 0 runs, 0 hits, 0 errors, 0 left on base; Little Rock 1 - Barry's Bay 7
TOP OF THE 7TH
Little Rock Lemmiwinks batting - Pitching for Barry's Bay Orioles : RHP David Miller
Pitching: RHP António Sánchez
Batting: RHB Roberto Valdéz 0-0: Swinging Strike
0-1: Foul Ball, location: 2F
0-2: Ball
1-2: Ball
2-2: Strikes out swinging
Batting: RHB José Rodríguez 0-0: Ball
1-0: Swinging Strike
1-1: SINGLE (Line Drive, 89S)
Batting: LHB Cisco Salazar 0-0: Ball
1-0: SINGLE (Groundball, 4MD)
José Rodríguez to second
Runner from 2nd tries for 3rd, SAFE, throw made to third
Batting: RHB Álex Martínez 0-0: Ball
1-0: Ball
2-0: Ball
3-0: Called Strike
3-1: Base on Balls
Cisco Salazar to second
Batting: LHB Ryan Martin 0-0: Foul Ball, location: 2F
0-1: Called Strike
0-2: Foul Ball, location: 2F
0-2: Ball
1-2: Foul Ball, location: 2F
1-2: Ball
2-2: Ball
3-2: Foul Ball, location: 2F
3-2: Fly out, F1 (Line Drive, 13)
Batting: RHB Germán Vargas 0-0: Called Strike
0-1: Ball
Passed Ball!
José Rodríguez scores
Cisco Salazar to third
Álex Martínez to second
1-1: Fly out, F7 (Flyball, 7LSF)
Top of the 7th over - 1 run, 2 hits, 0 errors, 2 left on base; Little Rock 2 - Barry's Bay 7
BOTTOM OF THE 7TH
Barry's Bay Orioles batting - Pitching for Little Rock Lemmiwinks : RHP António Gamboa
Batting: LHB Chris López 0-0: Ball
1-0: Called Strike
1-1: Ball
2-1: Ball
3-1: Base on Balls
Batting: RHB Marcos Pérez 0-0: Ball
1-0: Ball
2-0: Fly out, F8 (Flyball, 8LM)
Batting: SHB Dan Morse 0-0: Ball
1-0: Ball
2-0: Swinging Strike
2-1: Ball
3-1: Called Strike
3-2: Strikes out swinging
Batting: RHB Hughie Dayment 0-0: Ground out 1-3 (Groundball, 15S)
Bottom of the 7th over - 0 runs, 0 hits, 0 errors, 1 left on base; Little Rock 2 - Barry's Bay 7
TOP OF THE 8TH
Little Rock Lemmiwinks batting - Pitching for Barry's Bay Orioles : RHP António Sánchez
Batting: RHB Kokaji Ridha 0-0: Ground out 4-3 (Groundball, 4)
Batting: LHB Manny Robles 0-0: Foul Ball, location: 2F
0-1: Ball
1-1: Ball
2-1: Foul Ball, location: 2F
2-2: Ball
3-2: SINGLE (Line Drive, 34D)
Batting: RHB Júlio Colón 0-0: Ball
1-0: Foul Ball, location: 2F
1-1: Grounds into double play, 6-4-3 (Groundball, 6M)
Top of the 8th over - 0 runs, 1 hit, 0 errors, 0 left on base; Little Rock 2 - Barry's Bay 7
BOTTOM OF THE 8TH
Barry's Bay Orioles batting - Pitching for Little Rock Lemmiwinks : RHP António Gamboa
Batting: RHB Ralph Summers 0-0: Fly out, F7 (Flyball, 7LS)
Batting: RHB Edgardo Hernández 0-0: Fly out, F8 (Flyball, 8LM)
Batting: LHB Jerry Koch 0-0: Swinging Strike
0-1: Called Strike
0-2: Ball
1-2: Ball
2-2: Ball
3-2: Strikes out swinging
Bottom of the 8th over - 0 runs, 0 hits, 0 errors, 0 left on base; Little Rock 2 - Barry's Bay 7
TOP OF THE 9TH
Little Rock Lemmiwinks batting - Pitching for Barry's Bay Orioles : RHP António Sánchez
Batting: RHB Roberto Valdéz 0-0: Called Strike
0-1: Foul Ball, location: 2F
0-2: Ball
1-2: Strikes out swinging
Batting: RHB José Rodríguez 0-0: Called Strike
0-1: Ball
1-1: Ball
2-1: Ground out 6-3 (Groundball, 6)
Batting: LHB Cisco Salazar 0-0: Ground out 6-3 (Groundball, 6)
Top of the 9th over - 0 runs, 0 hits, 0 errors, 0 left on base; Little Rock 2 - Barry's Bay 7
Saturday, April 7th, 2018 - OOTP Baseball 18.8 Build 76